Devils vs Sharks

Created - Saturday, January 24, 2015 at 00:01

Goals
1 2 3 T
Devils 2 3 1 6
Sharks 1 1 1 3
Shots
1 2 3 T
Devils 12 8 14 34
Sharks 7 13 11 31

1st period

1. Devils , Tyler Johnson 14 (Kris Versteeg, Jimmy Howard) at 9:40 (PP)
2. Devils , Alex Tanguay 9 (Tyler Johnson) at 12:57 (PP)
3. Sharks , Brad Richards 11 (Mike Green) at 16:03 (SH)

Penalties :
John Carlson (NJD) for Holding (Minor) at 0:34, Jay Harrison (SJ ) for Interference (Minor) at 5:54, Mark Fistric (SJ ) for Roughing (Minor) at 8:56, Mike Green (SJ ) for Hooking (Minor) at 12:41, Mark Fistric (SJ ) for High sticking (Minor) at 14:42, Nicklas Grossmann (SJ ) for Hooking (Minor) at 15:56

2nd period

4. Sharks , Olli Jokinen 10 (Dion Phaneuf) at 10:31 (PP)
5. Devils , Drew Stafford 19 (Mark Stuart) at 15:14 (PP)
6. Devils , Kris Versteeg 7 (Tim Gleason) at 16:25
7. Devils , Kris Versteeg 8 (Brent Seabrook, Tyler Johnson) at 17:20 (PP)

Penalties :
Ryan Jones (NJD) for Interference (Minor) at 10:10, Nicklas Grossmann (SJ ) for High sticking (Minor) at 14:54, Deryk Engelland (SJ ) for Roughing (Minor) at 17:10

3rd period

8. Devils , Matt Irwin 2 (Grant Clitsome, Jay Beagle) at 3:51
9. Sharks , Mike Green 12 (Matt Hendricks, Mike Weber) at 5:51 (PP)

Penalties :
Matt Irwin (NJD) for Slashing (Minor) at 4:44, Drew Stafford (NJD) for High sticking (Minor) at 11:37, Mark Stuart (NJD) for Holding (Minor) at 15:47, Mark Stuart (NJD) for Holding (Minor) at 19:39

Goalie Stats

Jimmy Howard (NJD), 28 saves from 31 shots - (0.903), W, 14-17-6, 60:00 minutes
Antti Raanta (SJ ), 14 saves from 16 shots - (0.875), 23:35 minutes
Viktor Fasth (SJ ), 14 saves from 18 shots - (0.778), L, 2-8-0, 36:25 minutes

Players Stats for Devils

Player Name              G  A  P  +/- PIM S  H  SB GA TA FO     MP     PP MP  PK MP  
------------------------------------------------------------------------------------
Adam Burish              0  0  0   0  0   0  0  0  0  0  0/2     9:53   0:00   1:56 
Alex Tanguay             1  0  1   1  0   2  0  1  1  0  0/1    16:54   3:09   0:43 
Brent Seabrook           0  1  1   0  0   3  2  0  0  1  0/0    28:25   4:02   4:23 
Chris Mueller            0  0  0   1  0   1  1  0  0  0  2/13   12:33   0:00   0:00 
Drew Stafford            1  0  1  -1  2   4  2  0  2  0  3/9    22:53   3:33   4:33 
Grant Clitsome           0  1  1   0  0   3  0  1  0  0  0/0    20:30   2:40   4:20 
Jamie McGinn             0  0  0  -1  0   0  1  1  1  0  0/2    19:11   3:33   1:13 
Jason Akeson             0  0  0   1  0   0  0  0  1  0  0/1    10:02   0:00   0:00 
Jay Beagle               0  1  1   1  0   1  2  1  1  0  1/5    10:02   0:00   0:00 
John Carlson             0  0  0   0  2   0  1  4  0  0  0/0    14:45   0:00   0:00 
Kris Versteeg            2  1  3   1  0   3  0  1  3  1  0/0    16:10   3:09   0:00 
Mark Stuart              0  1  1   1  4   4  3  3  0  4  0/0    25:03   4:02   3:25 
Martin Erat              0  0  0   0  0   1  3  0  1  0  2/4     7:41   0:00   0:00 
Matt Irwin               1  0  1   1  2   4  1  0  1  0  0/0    12:51   0:00   0:00 
Ryan Jones               0  0  0   1  2   0  0  1  2  0  0/0    10:01   0:00   0:00 
Tim Gleason              0  1  1   0  0   0  3  1  0  1  0/0    18:42   2:40   3:22 
Tyler Johnson            1  2  3   0  0   5  0  0  3  0  12/15  19:15   3:09   1:13 
Ville Leino              0  0  0  -1  0   3  0  0  2  0  3/5    17:13   3:33   5:52 

Players Stats for Sharks

Player Name              G  A  P  +/- PIM S  H  SB GA TA FO     MP     PP MP  PK MP  
------------------------------------------------------------------------------------
Adam Hall                0  0  0   0  0   1  2  0  0  1  4/7    13:51   1:22   1:13 
Andrew Ebbett            0  0  0   0  0   0  1  0  0  0  0/0     8:04   0:00   0:55 
Blake Comeau             0  0  0   0  0   0  1  0  0  0  0/0     7:09   0:00   0:00 
Brad Richards            1  0  1   0  0   2  0  0  3  0  12/25  23:57   3:43   3:46 
Brian Gionta             0  0  0   0  0   1  0  0  3  1  2/4    14:31   4:12   0:00 
Deryk Engelland          0  0  0  -1  2   0  1  1  0  0  1/1    22:53   4:21   3:37 
Dion Phaneuf             0  1  1  -1  0   5  1  6  1  1  0/0    29:02   4:12   4:19 
Jay Harrison             0  0  0   0  2   1  1  0  1  1  0/0    13:50   1:34   0:00 
Justin Fontaine          0  0  0  -1  0   2  0  0  0  1  0/0    12:23   0:00   0:00 
Mark Fistric             0  0  0   0  4   1  0  0  0  1  0/0    11:07   1:07   0:46 
Matt Hendricks           0  1  1  -1  0   1  2  1  0  1  1/1    18:26   3:30   0:00 
Mike Green               1  1  2   0  2   3  2  1  0  1  0/0    21:16   2:40   2:23 
Mike Weber               0  1  1   0  0   4  4  1  0  3  0/0    20:55   2:18   2:23 
Nathan Gerbe             0  0  0   0  0   2  1  0  0  0  0/1    12:45   0:35   0:00 
Nicklas Grossmann        0  0  0  -1  4   0  0  3  0  3  0/0    22:12   1:58   2:54 
Nikita Nikitin           0  0  0   0  0   0  0  0  0  0  0/0     0:00   0:00   0:00 
Olli Jokinen             1  0  1  -1  0   7  4  0  3  0  13/17  21:08   3:30   1:53 
Rich Peverley            0  0  0  -1  0   1  2  0  1  0  1/1    18:52   3:43   1:53 

3 Stars

1 - Kris Versteeg (NJD)
2 - Tyler Johnson (NJD)
3 - Mike Green (SJ )

Power Play

Devils - 4 on 7 Attempt(s) - 57.14%
Sharks - 2 on 6 Attempt(s) - 33.33%

Penalty Kill

Devils - 4 on 6 Attempt(s) - 66.67% - Score 0 goal in Penalty Kill
Sharks - 3 on 7 Attempt(s) - 42.86% - Score 1 goal in Penalty Kill

Team Stat

Devils - Hits : 19 - Faceoff Wins : 23 - Blocked Shots : 14 - Penalty Minutes : 12
Sharks - Hits : 22 - Faceoff Wins : 34 - Blocked Shots : 13 - Penalty Minutes : 14

Official

Referees : Unknown
Linesman : Unknown

Game Notes

Antti Raanta enters game at 16:25 of 2nd period
5:51 of 3rd period - Sharks goal is going for a video replay. After video review, Goal.
Nicklas Grossmann is injured at 8:03 of 3rd period (Bruised Right Arm)

Finance

Level 1 -- Attendance: 4993 (83.22%) -- Ticket Income $444,377
Level 2 -- Attendance: 3274 (65.48%) -- Ticket Income $225,906
Level 3 -- Attendance: 1443 (72.15%) -- Ticket Income $50,505
Level 4 -- Attendance: 2270 (56.75%) -- Ticket Income $56,750
Luxury Box -- Attendance: 733 (73.30%) -- Ticket Income $145,867
Game was played at the HP Pavilion'
Total Attendance: 12713 (70.63%)
Total Ticket Income: $923,405
Other Income: $452,468
Total Income: $1,375,873

Devils

5 vs 5 Forward 
   Center                   Left Wing                Right Wing               Time % Phy DF OF 
 1 Tyler Johnson            Drew Stafford            Jamie McGinn             35     1   2  2  
 2 Chris Mueller            Alex Tanguay             Kris Versteeg            30     1   2  2  
 3 Martin Erat              Adam Burish              Ville Leino              22     1   2  2  
 4 Jay Beagle               Ryan Jones               Jason Akeson             13     1   2  2  

5 vs 5 Defense 
   Defense                  Defense                                           Time % Phy DF OF 
 1 Brent Seabrook           John Carlson                                      35     1   2  2  
 2 Tim Gleason              Mark Stuart                                       30     1   2  2  
 3 Matt Irwin               Grant Clitsome                                    22     1   2  2  
 4 Brent Seabrook           Mark Stuart                                       13     1   2  2  

PowerPlay Forward 
   Center                   Left Wing                Right Wing               Time % Phy DF OF 
 1 Ville Leino              Drew Stafford            Jamie McGinn             60     1   2  2  
 2 Tyler Johnson            Alex Tanguay             Kris Versteeg            40     1   2  2  

PowerPlay Defense
   Defense                  Defense                                           Time % Phy DF OF 
 1 Brent Seabrook           Mark Stuart                                       60     1   2  2  
 2 Tim Gleason              Grant Clitsome                                    40     1   2  2  

Penalty Kill 4 Players Forward 
   Center                   Wing                     Time % Phy DF OF 
 1 Drew Stafford            Ville Leino              60     1   2  2  
 2 Tyler Johnson            Jamie McGinn             40     1   2  2  

Penalty Kill 4 Players Defense
   Defense                  Defense                  Time % Phy DF OF 
 1 Brent Seabrook           Mark Stuart              60     1   2  2  
 2 Tim Gleason              Grant Clitsome           40     1   2  2  

Penalty Kill - 3 Players Forward 
   Forward                                           Time % Phy DF OF 
 1 Drew Stafford                                     60     1   2  2  
 2 Chris Mueller                                     40     1   2  2  

Penalty Kill - 3 Players Defense
   Defense                  Defense                  Time % Phy DF OF 
 1 Brent Seabrook           Mark Stuart              60     1   2  2  
 2 Tim Gleason              Grant Clitsome           40     1   2  2  

4 vs 4 Forward 
   Center                   Wing                     Time % Phy DF OF 
 1 Drew Stafford            Ville Leino              60     1   2  2  
 2 Tyler Johnson            Jamie McGinn             40     1   2  2  

4 vs 4 Defense
   Defense                  Defense                  Time % Phy DF OF 
 1 Brent Seabrook           Mark Stuart              60     1   2  2  
 2 Tim Gleason              Grant Clitsome           40     1   2  2  

Last Minutes Offensive
   Center                   Left Wing                Right Wing               Defense                  Defense                  
   Tyler Johnson            Drew Stafford            Jamie McGinn             Brent Seabrook           Mark Stuart              

Last Minutes Defensive
   Center                   Left Wing                Right Wing               Defense                  Defense                  
   Chris Mueller            Drew Stafford            Jamie McGinn             Brent Seabrook           Mark Stuart              

Goaltenders
Starting : Jimmy Howard             
Backup : Thomas Greiss            

Extra Forwards
Normal : Martin Erat, Jay Beagle, Adam Burish - PP : Martin Erat, Jay Beagle - PK : Adam Burish
Extra Defensemen
Normal : Matt Irwin, Brent Seabrook, Tim Gleason - PP : Matt Irwin - PK : Tim Gleason, Grant Clitsome
Penalty Shots
Drew Stafford, Chris Mueller, Tyler Johnson, Jamie McGinn, Alex Tanguay

Sharks

5 vs 5 Forward 
   Center                   Left Wing                Right Wing               Time % Phy DF OF 
 1 Brad Richards            Justin Fontaine          Rich Peverley            35     1   2  2  
 2 Olli Jokinen             Matt Hendricks           Deryk Engelland          30     1   2  2  
 3 Adam Hall                Nathan Gerbe             Brian Gionta             22     1   2  2  
 4 Blake Comeau             Andrew Ebbett            Brad Richards            13     1   2  2  

5 vs 5 Defense 
   Defense                  Defense                                           Time % Phy DF OF 
 1 Dion Phaneuf             Nicklas Grossmann                                 35     1   2  2  
 2 Mike Green               Mike Weber                                        30     1   2  2  
 3 Jay Harrison             Mark Fistric                                      22     1   2  2  
 4 Dion Phaneuf             Nicklas Grossmann                                 13     1   2  2  

PowerPlay Forward 
   Center                   Left Wing                Right Wing               Time % Phy DF OF 
 1 Brad Richards            Brian Gionta             Rich Peverley            60     1   2  2  
 2 Olli Jokinen             Matt Hendricks           Deryk Engelland          40     1   2  2  

PowerPlay Defense
   Defense                  Defense                                           Time % Phy DF OF 
 1 Dion Phaneuf             Nicklas Grossmann                                 60     1   2  2  
 2 Mike Green               Mike Weber                                        40     1   2  2  

Penalty Kill 4 Players Forward 
   Center                   Wing                     Time % Phy DF OF 
 1 Brad Richards            Deryk Engelland          60     1   2  2  
 2 Olli Jokinen             Rich Peverley            40     1   2  2  

Penalty Kill 4 Players Defense
   Defense                  Defense                  Time % Phy DF OF 
 1 Dion Phaneuf             Nicklas Grossmann        60     1   2  2  
 2 Mike Green               Mike Weber               40     1   2  2  

Penalty Kill - 3 Players Forward 
   Forward                                           Time % Phy DF OF 
 1 Brad Richards                                     60     1   2  2  
 2 Rich Peverley                                     40     1   2  2  

Penalty Kill - 3 Players Defense
   Defense                  Defense                  Time % Phy DF OF 
 1 Dion Phaneuf             Nicklas Grossmann        60     1   2  2  
 2 Mike Green               Mike Weber               40     1   2  2  

4 vs 4 Forward 
   Center                   Wing                     Time % Phy DF OF 
 1 Brad Richards            Deryk Engelland          60     1   2  2  
 2 Olli Jokinen             Rich Peverley            40     1   2  2  

4 vs 4 Defense
   Defense                  Defense                  Time % Phy DF OF 
 1 Dion Phaneuf             Nicklas Grossmann        60     1   2  2  
 2 Mike Green               Mike Weber               40     1   2  2  

Last Minutes Offensive
   Center                   Left Wing                Right Wing               Defense                  Defense                  
   Brad Richards            Justin Fontaine          Rich Peverley            Dion Phaneuf             Nicklas Grossmann        

Last Minutes Defensive
   Center                   Left Wing                Right Wing               Defense                  Defense                  
   Brad Richards            Justin Fontaine          Rich Peverley            Dion Phaneuf             Nicklas Grossmann        

Goaltenders
Starting : Viktor Fasth             
Backup : Antti Raanta             

Extra Forwards
Normal : Brian Gionta, Nathan Gerbe, Adam Hall - PP : Brian Gionta, Nathan Gerbe - PK : Adam Hall
Extra Defensemen
Normal : Jay Harrison, Mark Fistric, Deryk Engelland - PP : Jay Harrison - PK : Mark Fistric, Deryk Engelland
Penalty Shots
Brad Richards, Nathan Gerbe, Olli Jokinen, Rich Peverley, Deryk Engelland

% Time on Ice - Devils

Lines # - Real PCT - Wanted PCT - Time Play
Normal Forward
1 - 33% - 35% - 14:49
2 - 29% - 30% - 13:01
3 - 17% - 22% - 7:41
4 - 22% - 13% - 10:02
Normal Defense
1 - 35% - 35% - 15:46
2 - 28% - 30% - 12:41
3 - 28% - 22% - 12:52
4 - 9% - 13% - 4:14
PP Forward
1 - 53% - 60% - 3:33
2 - 47% - 40% - 3:09
PP Defense
1 - 60% - 60% - 4:02
2 - 40% - 40% - 2:40
PK Forward
1 - 84% - 60% - 6:32
2 - 16% - 40% - 1:13
PK Defense
1 - 57% - 60% - 4:23
2 - 43% - 40% - 3:22
PK3 Forward
1 - 0% - 60%
2 - 0% - 40%
PK3 Defense
1 - 0% - 60%
2 - 0% - 40%
44 Forward
1 - 0% - 60%
2 - 0% - 40%
44 Defense
1 - 0% - 60%
2 - 0% - 40%
Last Minute Offensive  - 0:00
Last Minute Defensive  - 0:00
Total
Forward - 60:00
Defense - 60:00

% Time on Ice - Sharks

Lines # - Real PCT - Wanted PCT - Time Play
Normal Forward
1 - 28% - 35% - 12:49
2 - 35% - 30% - 15:46
3 - 22% - 22% - 9:49
4 - 16% - 13% - 7:09
Normal Defense
1 - 33% - 35% - 14:53
2 - 36% - 30% - 16:14
3 - 19% - 22% - 8:47
4 - 12% - 13% - 5:39
PP Forward
1 - 55% - 60% - 4:15
2 - 45% - 40% - 3:30
PP Defense
1 - 70% - 60% - 5:27
2 - 30% - 40% - 2:18
PK Forward
1 - 68% - 60% - 4:04
2 - 32% - 40% - 1:53
PK Defense
1 - 62% - 60% - 3:41
2 - 38% - 40% - 2:16
PK3 Forward
1 - 100% - 60% - 0:45
2 - 0% - 40% - 0:00
PK3 Defense
1 - 84% - 60% - 0:38
2 - 16% - 40% - 0:07
44 Forward
1 - 0% - 60%
2 - 0% - 40%
44 Defense
1 - 0% - 60%
2 - 0% - 40%
Last Minute Offensive  - 0:00
Last Minute Defensive  - 0:00
Total
Forward - 60:00
Defense - 60:00

Play by Play

1st period


0:01 of 1st period - Tyler Johnson wins face-off versus Brad Richards in neutral zone.
0:27 of 1st period - Wrist shot by Dion Phaneuf.
0:27 of 1st period - Stopped by Jimmy Howard with a rebound.
0:29 of 1st period - Slapshot by Nicklas Grossmann.
0:29 of 1st period - Shot Misses the Net.
0:34 of 1st period - Minor Penalty to John Carlson for Holding.
0:35 of 1st period - Olli Jokinen wins face-off versus Drew Stafford in Devils zone.
1:30 of 1st period - Wrist shot by Tyler Johnson.
1:30 of 1st period - Stopped by Viktor Fasth with a rebound.
1:49 of 1st period - Tim Gleason is hit by Mike Green and loses puck.
2:02 of 1st period - Deryk Engelland is hit by Tim Gleason and loses puck.
2:13 of 1st period - Tim Gleason is hit by Olli Jokinen and loses puck.
2:26 of 1st period - Mark Stuart is hit by Mike Weber and loses puck.
2:34 of 1st period - Penalty to John Carlson is over, John Carlson is back on ice.
3:02 of 1st period - Chris Mueller is hit by Dion Phaneuf and loses puck.
4:10 of 1st period - Mark Stuart is hit by Matt Hendricks and loses puck.
4:21 of 1st period - Rich Peverley is hit by Tim Gleason and loses puck.
4:32 of 1st period - Brent Seabrook is hit by Mike Weber and loses puck.
4:41 of 1st period - Mike Weber is hit by Martin Erat and loses puck.
5:54 of 1st period - Minor Penalty to Jay Harrison for Interference.
5:55 of 1st period - Deryk Engelland wins face-off versus Tyler Johnson in Sharks zone.
7:34 of 1st period - Brent Seabrook is hit by Adam Hall and loses puck.
7:54 of 1st period - Penalty to Jay Harrison is over, Jay Harrison is back on ice.
8:29 of 1st period - Wrist shot by Nathan Gerbe.
8:29 of 1st period - Shot Misses the Net.
8:31 of 1st period - Slapshot by Mark Fistric.
8:31 of 1st period - Stopped by Jimmy Howard without a rebound.
8:32 of 1st period - Brian Gionta wins face-off versus Jay Beagle in Devils zone.
8:35 of 1st period - Snap shot by Brian Gionta.
8:35 of 1st period - Shot Blocked by Jay Beagle.
8:56 of 1st period - Minor Penalty to Mark Fistric for Roughing.
8:57 of 1st period - Ville Leino wins face-off versus Brad Richards in Sharks zone.
9:38 of 1st period - Snap shot by Kris Versteeg.
9:38 of 1st period - Shot Blocked by Nicklas Grossmann.
9:40 of 1st period - Slapshot by Kris Versteeg.
9:40 of 1st period - Deflect By Tyler Johnson.
9:40 of 1st period - Goal by Tyler Johnson - Devils : 1 - Sharks : 0.
9:41 of 1st period - Adam Hall wins face-off versus Martin Erat in neutral zone.
9:49 of 1st period - Off-side.
9:50 of 1st period - Martin Erat wins face-off versus Brian Gionta in neutral zone.
10:03 of 1st period - Snap shot by Brian Gionta.
10:03 of 1st period - Shot Blocked by Tim Gleason.
10:15 of 1st period - Dion Phaneuf is hit by Martin Erat and loses puck.
10:39 of 1st period - Icing by Mark Stuart.
10:40 of 1st period - Olli Jokinen wins face-off versus Jamie McGinn in Devils zone.
10:49 of 1st period - Slapshot by Mike Green.
10:49 of 1st period - Deflect By Olli Jokinen.
10:49 of 1st period - Shot Blocked by Jamie McGinn.
10:49 of 1st period - Puck is out of play.
10:50 of 1st period - Olli Jokinen wins face-off versus Chris Mueller in Devils zone.
11:03 of 1st period - Wrist shot by Matt Hendricks.
11:03 of 1st period - Shot Blocked by John Carlson.
11:09 of 1st period - Wrist shot by Olli Jokinen.
11:09 of 1st period - Stopped by Jimmy Howard with a rebound.
11:11 of 1st period - Slapshot by Mike Green.
11:11 of 1st period - Stopped by Jimmy Howard with a rebound.
11:13 of 1st period - Slapshot by Mike Weber.
11:13 of 1st period - Stopped by Jimmy Howard without a rebound.
11:14 of 1st period - Tyler Johnson wins face-off versus Brad Richards in Devils zone.
11:33 of 1st period - Slapshot by Drew Stafford.
11:33 of 1st period - Shot Misses the Net.
11:35 of 1st period - Wrist shot by Tyler Johnson.
11:35 of 1st period - Shot Misses the Net.
12:05 of 1st period - Wrist shot by Olli Jokinen.
12:05 of 1st period - Shot Misses the Net.
12:07 of 1st period - Snap shot by Mike Weber.
12:07 of 1st period - Shot Misses the Net.
12:09 of 1st period - Slapshot by Mike Weber.
12:09 of 1st period - Shot Misses the Net.
12:41 of 1st period - Minor Penalty to Mike Green for Hooking.
12:42 of 1st period - Tyler Johnson wins face-off versus Brad Richards in Sharks zone.
12:57 of 1st period - Snap shot by Alex Tanguay.
12:57 of 1st period - Goal by Alex Tanguay - Devils : 2 - Sharks : 0.
12:58 of 1st period - Brad Richards wins face-off versus Tyler Johnson in neutral zone.
13:17 of 1st period - Snap shot by Drew Stafford.
13:17 of 1st period - Stopped by Viktor Fasth with a rebound.
13:19 of 1st period - Wrist shot by Tyler Johnson.
13:19 of 1st period - Stopped by Viktor Fasth without a rebound.
13:20 of 1st period - Olli Jokinen wins face-off versus Chris Mueller in Sharks zone.
13:34 of 1st period - Snap shot by Olli Jokinen.
13:34 of 1st period - Shot Misses the Net.
13:43 of 1st period - Off-side.
13:44 of 1st period - Brad Richards wins face-off versus Tyler Johnson in neutral zone.
13:53 of 1st period - Snap shot by Brad Richards.
13:53 of 1st period - Deflect By Brent Seabrook.
13:53 of 1st period - Shot Misses the Net.
13:53 of 1st period - Puck is out of play.
13:54 of 1st period - Tyler Johnson wins face-off versus Brad Richards in Devils zone.
14:03 of 1st period - Slapshot by John Carlson.
14:03 of 1st period - Shot Misses the Net.
14:17 of 1st period - Snap shot by Brad Richards.
14:17 of 1st period - Stopped by Jimmy Howard without a rebound.
14:18 of 1st period - Olli Jokinen wins face-off versus Chris Mueller in Devils zone.
14:19 of 1st period - Backhand shot by Mike Green.
14:19 of 1st period - Shot Blocked by Mark Stuart.
14:34 of 1st period - Snap shot by Chris Mueller.
14:34 of 1st period - Shot Blocked by Mike Green.
14:36 of 1st period - Slapshot by Mark Stuart.
14:36 of 1st period - Stopped by Viktor Fasth with a rebound.
14:38 of 1st period - Backhand shot by Chris Mueller.
14:38 of 1st period - Stopped by Viktor Fasth without a rebound.
14:39 of 1st period - Tyler Johnson wins face-off versus Brad Richards in Sharks zone.
14:40 of 1st period - Backhand shot by Drew Stafford.
14:40 of 1st period - Stopped by Viktor Fasth with a rebound.
14:42 of 1st period - Minor Penalty to Mark Fistric for High sticking.
14:43 of 1st period - Brad Richards wins face-off versus Jamie McGinn in Sharks zone.
15:56 of 1st period - Minor Penalty to Nicklas Grossmann for Hooking.
15:57 of 1st period - Brad Richards wins face-off versus Ville Leino in Sharks zone.
16:03 of 1st period - Snap shot by Brad Richards.
16:03 of 1st period - Goal by Brad Richards - Devils : 2 - Sharks : 1.
16:04 of 1st period - Ville Leino wins face-off versus Brad Richards in neutral zone.
16:25 of 1st period - Slapshot by Jamie McGinn.
16:25 of 1st period - Shot Blocked by Dion Phaneuf.
16:27 of 1st period - Slapshot by Brent Seabrook.
16:27 of 1st period - Shot Misses the Net.
16:29 of 1st period - Slapshot by Brent Seabrook.
16:29 of 1st period - Stopped by Viktor Fasth with a rebound.
16:31 of 1st period - Snap shot by Mark Stuart.
16:31 of 1st period - Shot Misses the Net.
16:33 of 1st period - Slapshot by Brent Seabrook.
16:33 of 1st period - Stopped by Viktor Fasth with a rebound.
16:35 of 1st period - Snap shot by Jamie McGinn.
16:35 of 1st period - Shot Misses the Net.
16:37 of 1st period - Slapshot by Brent Seabrook.
16:37 of 1st period - Shot Blocked by Dion Phaneuf.
16:39 of 1st period - Slapshot by Brent Seabrook.
16:39 of 1st period - Shot Blocked by Dion Phaneuf.
16:41 of 1st period - Slapshot by Brent Seabrook.
16:41 of 1st period - Shot Blocked by Dion Phaneuf.
16:42 of 1st period - Penalty to Mark Fistric is over, Mark Fistric is back on ice.
16:57 of 1st period - Dion Phaneuf is hit by Mark Stuart and loses puck.
17:16 of 1st period - Snap shot by Tyler Johnson.
17:16 of 1st period - Deflect By Kris Versteeg.
17:16 of 1st period - Shot Misses the Net.
17:16 of 1st period - Puck is out of play.
17:17 of 1st period - Ville Leino wins face-off versus Olli Jokinen in Sharks zone.
17:26 of 1st period - Mike Green is hit by Drew Stafford and loses puck.
17:56 of 1st period - Penalty to Nicklas Grossmann is over, Nicklas Grossmann is back on ice.
18:15 of 1st period - Slapshot by John Carlson.
18:15 of 1st period - Shot Misses the Net.
18:57 of 1st period - Snap shot by Ville Leino.
18:57 of 1st period - Stopped by Viktor Fasth with a rebound.
18:59 of 1st period - Snap shot by Martin Erat.
18:59 of 1st period - Deflect By Adam Hall.
18:59 of 1st period - Stopped by Viktor Fasth with a rebound.
19:36 of 1st period - Slapshot by Dion Phaneuf.
19:36 of 1st period - Shot Blocked by Kris Versteeg.
Goals for this period are 2 for Devils vs 1 for Sharks.
Shots for this period are 12 for Devils vs 7 for Sharks.

2nd period


0:01 of 2nd period - Brad Richards wins face-off versus Drew Stafford in neutral zone.
0:04 of 2nd period - Wrist shot by Rich Peverley.
0:04 of 2nd period - Stopped by Jimmy Howard with a rebound.
0:06 of 2nd period - Wrist shot by Justin Fontaine.
0:06 of 2nd period - Stopped by Jimmy Howard with a rebound.
0:08 of 2nd period - Slapshot by Mike Weber.
0:08 of 2nd period - Stopped by Jimmy Howard with a rebound.
0:10 of 2nd period - Wrist shot by Rich Peverley.
0:10 of 2nd period - Shot Misses the Net.
0:12 of 2nd period - Slapshot by Brad Richards.
0:12 of 2nd period - Shot Blocked by John Carlson.
0:14 of 2nd period - Slapshot by Mike Weber.
0:14 of 2nd period - Deflect By Rich Peverley.
0:14 of 2nd period - Shot Misses the Net.
0:14 of 2nd period - Puck is out of play.
0:15 of 2nd period - Tyler Johnson wins face-off versus Brad Richards in Devils zone.
0:15 of 2nd period - Tyler Johnson is hit by Mike Green.
0:21 of 2nd period - Mike Weber is hit by Brent Seabrook and loses puck.
0:31 of 2nd period - Brent Seabrook is hit by Rich Peverley and loses puck.
0:44 of 2nd period - Slapshot by Tyler Johnson.
0:44 of 2nd period - Stopped by Viktor Fasth with a rebound.
1:07 of 2nd period - Brent Seabrook is hit by Olli Jokinen.
2:33 of 2nd period - Snap shot by Brad Richards.
2:33 of 2nd period - Shot Hit the Post.
3:09 of 2nd period - Off-side.
3:10 of 2nd period - Tyler Johnson wins face-off versus Olli Jokinen in neutral zone.
3:42 of 2nd period - Mike Weber is hit by Mark Stuart and loses puck.
4:55 of 2nd period - Snap shot by Brad Richards.
4:55 of 2nd period - Shot Misses the Net.
6:26 of 2nd period - Nicklas Grossmann is hit by Matt Irwin and loses puck.
6:51 of 2nd period - Nicklas Grossmann is hit by Martin Erat and loses puck.
7:32 of 2nd period - Ryan Jones is hit by Adam Hall and loses puck.
8:30 of 2nd period - Slapshot by Ville Leino.
8:30 of 2nd period - Stopped by Viktor Fasth with a rebound.
8:36 of 2nd period - Ville Leino is hit by Andrew Ebbett and loses puck.
8:46 of 2nd period - Icing by Ville Leino.
8:47 of 2nd period - Brad Richards wins face-off versus Martin Erat in Devils zone.
9:18 of 2nd period - Snap shot by Olli Jokinen.
9:18 of 2nd period - Stopped by Jimmy Howard with a rebound.
9:20 of 2nd period - Slapshot by Dion Phaneuf.
9:20 of 2nd period - Deflect By Olli Jokinen.
9:20 of 2nd period - Stopped by Jimmy Howard without a rebound.
9:21 of 2nd period - Olli Jokinen wins face-off versus Jason Akeson in Devils zone.
9:22 of 2nd period - Snap shot by Mike Green.
9:22 of 2nd period - Deflect By Olli Jokinen.
9:22 of 2nd period - Shot Blocked by Ryan Jones.
9:22 of 2nd period - Puck is out of play.
9:23 of 2nd period - Matt Hendricks wins face-off versus Jay Beagle in Devils zone.
10:10 of 2nd period - Minor Penalty to Ryan Jones for Interference.
10:11 of 2nd period - Olli Jokinen wins face-off versus Drew Stafford in Devils zone.
10:29 of 2nd period - Slapshot by Dion Phaneuf.
10:29 of 2nd period - Stopped by Jimmy Howard with a rebound.
10:31 of 2nd period - Slapshot by Olli Jokinen.
10:31 of 2nd period - Goal by Olli Jokinen - Devils : 2 - Sharks : 2.
10:32 of 2nd period - Adam Hall wins face-off versus Chris Mueller in neutral zone.
10:37 of 2nd period - Wrist shot by Brian Gionta.
10:37 of 2nd period - Deflect By Nathan Gerbe.
10:37 of 2nd period - Shot Misses the Net.
10:37 of 2nd period - Puck is out of play.
10:38 of 2nd period - Adam Hall wins face-off versus Chris Mueller in Devils zone.
10:43 of 2nd period - Snap shot by Nathan Gerbe.
10:43 of 2nd period - Deflect By Brian Gionta.
10:43 of 2nd period - Shot Blocked by Alex Tanguay.
10:43 of 2nd period - Puck is out of play.
10:44 of 2nd period - Chris Mueller wins face-off versus Adam Hall in Devils zone.
10:44 of 2nd period - Chris Mueller is hit by Nathan Gerbe.
10:51 of 2nd period - Icing by Alex Tanguay.
10:52 of 2nd period - Brian Gionta wins face-off versus Chris Mueller in Devils zone.
10:57 of 2nd period - Snap shot by Nathan Gerbe.
10:57 of 2nd period - Deflect By Brian Gionta.
10:57 of 2nd period - Shot Misses the Net.
10:57 of 2nd period - Puck is out of play.
10:58 of 2nd period - Tyler Johnson wins face-off versus Brad Richards in Devils zone.
11:36 of 2nd period - Snap shot by Tyler Johnson.
11:36 of 2nd period - Shot Blocked by Nicklas Grossmann.
12:02 of 2nd period - Grant Clitsome is hit by Olli Jokinen and loses puck.
12:41 of 2nd period - Slapshot by Ville Leino.
12:41 of 2nd period - Stopped by Viktor Fasth without a rebound.
12:42 of 2nd period - Martin Erat wins face-off versus Nathan Gerbe in Sharks zone.
12:43 of 2nd period - Wrist shot by Ville Leino.
12:43 of 2nd period - Shot Misses the Net.
13:51 of 2nd period - Jamie McGinn is hit by Blake Comeau and loses puck.
14:20 of 2nd period - Snap shot by Olli Jokinen.
14:20 of 2nd period - Stopped by Jimmy Howard with a rebound.
14:22 of 2nd period - Slapshot by Dion Phaneuf.
14:22 of 2nd period - Deflect By Grant Clitsome.
14:22 of 2nd period - Stopped by Jimmy Howard without a rebound.
14:23 of 2nd period - Olli Jokinen wins face-off versus Jay Beagle in Devils zone.
14:46 of 2nd period - Nicklas Grossmann is hit by Mark Stuart and loses puck.
14:54 of 2nd period - Minor Penalty to Nicklas Grossmann for High sticking.
14:55 of 2nd period - Brad Richards wins face-off versus Ville Leino in Sharks zone.
14:55 of 2nd period - Brad Richards is hit by Drew Stafford.
15:14 of 2nd period - Snap shot by Drew Stafford.
15:14 of 2nd period - Goal by Drew Stafford - Devils : 3 - Sharks : 2.
15:15 of 2nd period - Tyler Johnson wins face-off versus Adam Hall in neutral zone.
15:47 of 2nd period - Wrist shot by Nathan Gerbe.
15:47 of 2nd period - Stopped by Jimmy Howard without a rebound.
15:48 of 2nd period - Brad Richards wins face-off versus Chris Mueller in Devils zone.
16:15 of 2nd period - Wrist shot by Brad Richards.
16:15 of 2nd period - Shot Misses the Net.
16:21 of 2nd period - Wrist shot by Kris Versteeg.
16:21 of 2nd period - Stopped by Viktor Fasth with a rebound.
16:23 of 2nd period - Slapshot by Tim Gleason.
16:23 of 2nd period - Shot Misses the Net.
16:25 of 2nd period - Snap shot by Kris Versteeg.
16:25 of 2nd period - Goal by Kris Versteeg - Devils : 4 - Sharks : 2.
16:25 of 2nd period - Antti Raanta enters game.
16:26 of 2nd period - Tyler Johnson wins face-off versus Olli Jokinen in neutral zone.
16:43 of 2nd period - Slapshot by Dion Phaneuf.
16:43 of 2nd period - Stopped by Jimmy Howard with a rebound.
17:10 of 2nd period - Minor Penalty to Deryk Engelland for Roughing.
17:11 of 2nd period - Tyler Johnson wins face-off versus Brad Richards in Sharks zone.
17:16 of 2nd period - Slapshot by Tyler Johnson.
17:16 of 2nd period - Shot Misses the Net.
17:18 of 2nd period - Slapshot by Brent Seabrook.
17:18 of 2nd period - Stopped by Antti Raanta with a rebound.
17:20 of 2nd period - Wrist shot by Kris Versteeg.
17:20 of 2nd period - Goal by Kris Versteeg - Devils : 5 - Sharks : 2.
17:21 of 2nd period - Brad Richards wins face-off versus Chris Mueller in neutral zone.
17:42 of 2nd period - Brad Richards is hit by Chris Mueller and loses puck.
18:05 of 2nd period - Icing by Alex Tanguay.
18:06 of 2nd period - Olli Jokinen wins face-off versus Chris Mueller in Devils zone.
18:20 of 2nd period - Icing by Mark Stuart.
18:21 of 2nd period - Olli Jokinen wins face-off versus Alex Tanguay in Devils zone.
18:28 of 2nd period - Slapshot by Mike Green.
18:28 of 2nd period - Stopped by Jimmy Howard with a rebound.
18:44 of 2nd period - Slapshot by Olli Jokinen.
18:44 of 2nd period - Shot Misses the Net.
19:33 of 2nd period - Snap shot by Brian Gionta.
19:33 of 2nd period - Stopped by Jimmy Howard with a rebound.
Goals for this period are 3 for Devils vs 1 for Sharks.
Shots for this period are 8 for Devils vs 13 for Sharks.

3rd period


0:01 of 3rd period - Tyler Johnson wins face-off versus Brad Richards in neutral zone.
0:14 of 3rd period - John Carlson is hit by Rich Peverley.
0:56 of 3rd period - Dion Phaneuf is hit by Brent Seabrook and loses puck.
1:35 of 3rd period - Chris Mueller is hit by Mike Weber and loses puck.
1:48 of 3rd period - Snap shot by Nathan Gerbe.
1:48 of 3rd period - Shot Misses the Net.
1:56 of 3rd period - Snap shot by Brian Gionta.
1:56 of 3rd period - Shot Misses the Net.
3:06 of 3rd period - Slapshot by Dion Phaneuf.
3:06 of 3rd period - Shot Misses the Net.
3:14 of 3rd period - Dion Phaneuf is hit by Jamie McGinn and loses puck.
3:27 of 3rd period - Snap shot by Drew Stafford.
3:27 of 3rd period - Shot Blocked by Matt Hendricks.
3:47 of 3rd period - Wrist shot by Grant Clitsome.
3:47 of 3rd period - Shot Misses the Net.
3:49 of 3rd period - Slapshot by Grant Clitsome.
3:49 of 3rd period - Stopped by Antti Raanta with a rebound.
3:51 of 3rd period - Wrist shot by Matt Irwin.
3:51 of 3rd period - Goal by Matt Irwin - Devils : 6 - Sharks : 2.
3:52 of 3rd period - Adam Hall wins face-off versus Jay Beagle in neutral zone.
4:01 of 3rd period - Wrist shot by Brian Gionta.
4:01 of 3rd period - Shot Blocked by Grant Clitsome.
4:03 of 3rd period - Slapshot by Mike Weber.
4:03 of 3rd period - Stopped by Jimmy Howard without a rebound.
4:04 of 3rd period - Jay Beagle wins face-off versus Adam Hall in Devils zone.
4:44 of 3rd period - Minor Penalty to Matt Irwin for Slashing.
4:45 of 3rd period - Drew Stafford wins face-off versus Brian Gionta in Devils zone.
5:14 of 3rd period - Wrist shot by Rich Peverley.
5:14 of 3rd period - Shot Misses the Net.
5:30 of 3rd period - Drew Stafford is hit by Matt Hendricks and loses puck.
5:45 of 3rd period - Snap shot by Olli Jokinen.
5:45 of 3rd period - Shot Blocked by Mark Stuart.
5:47 of 3rd period - Snap shot by Mike Weber.
5:47 of 3rd period - Stopped by Jimmy Howard with a rebound.
5:49 of 3rd period - Slapshot by Matt Hendricks.
5:49 of 3rd period - Shot Misses the Net.
5:51 of 3rd period - Wrist shot by Mike Green.
5:51 of 3rd period - Sharks goal is going for a video replay.
5:51 of 3rd period - The goal is good.
5:51 of 3rd period - Goal by Mike Green - Devils : 6 - Sharks : 3.
5:52 of 3rd period - Rich Peverley wins face-off versus Chris Mueller in neutral zone.
6:02 of 3rd period - Icing by Grant Clitsome.
6:03 of 3rd period - Chris Mueller wins face-off versus Brad Richards in Devils zone.
6:14 of 3rd period - Wrist shot by Alex Tanguay.
6:14 of 3rd period - Shot Misses the Net.
6:50 of 3rd period - Mike Green is hit by Jay Beagle and loses puck.
6:57 of 3rd period - Grant Clitsome is hit by Olli Jokinen and loses puck.
7:24 of 3rd period - Dion Phaneuf is hit by Jay Beagle and loses puck.
8:01 of 3rd period - Snap shot by Tyler Johnson.
8:01 of 3rd period - Stopped by Antti Raanta with a rebound.
8:03 of 3rd period - Slapshot by Mark Stuart.
8:03 of 3rd period - Shot Blocked by Nicklas Grossmann.
8:03 of 3rd period - Nicklas Grossmann from Sharks is injured at 8:03 of 3rd period (Bruised Right Arm).
8:04 of 3rd period - Drew Stafford wins face-off versus Brad Richards in Sharks zone.
8:31 of 3rd period - Snap shot by Drew Stafford.
8:31 of 3rd period - Stopped by Antti Raanta with a rebound.
9:06 of 3rd period - Mark Stuart is hit by Jay Harrison and loses puck.
9:37 of 3rd period - Snap shot by Alex Tanguay.
9:37 of 3rd period - Stopped by Antti Raanta with a rebound.
9:39 of 3rd period - Snap shot by Matt Irwin.
9:39 of 3rd period - Stopped by Antti Raanta with a rebound.
9:41 of 3rd period - Snap shot by Grant Clitsome.
9:41 of 3rd period - Stopped by Antti Raanta with a rebound.
9:43 of 3rd period - Slapshot by Grant Clitsome.
9:43 of 3rd period - Stopped by Antti Raanta with a rebound.
9:45 of 3rd period - Slapshot by Matt Irwin.
9:45 of 3rd period - Stopped by Antti Raanta with a rebound.
10:29 of 3rd period - Slapshot by Jay Beagle.
10:29 of 3rd period - Shot Blocked by Dion Phaneuf.
10:31 of 3rd period - Slapshot by Mark Stuart.
10:31 of 3rd period - Stopped by Antti Raanta with a rebound.
10:33 of 3rd period - Snap shot by Mark Stuart.
10:33 of 3rd period - Stopped by Antti Raanta with a rebound.
10:35 of 3rd period - Slapshot by Mark Stuart.
10:35 of 3rd period - Shot Blocked by Dion Phaneuf.
10:37 of 3rd period - Slapshot by Jay Beagle.
10:37 of 3rd period - Shot Blocked by Deryk Engelland.
11:23 of 3rd period - Slapshot by Rich Peverley.
11:23 of 3rd period - Shot Blocked by John Carlson.
11:25 of 3rd period - Slapshot by Mike Weber.
11:25 of 3rd period - Shot Misses the Net.
11:27 of 3rd period - Slapshot by Rich Peverley.
11:27 of 3rd period - Shot Blocked by John Carlson.
11:37 of 3rd period - Minor Penalty to Drew Stafford for High sticking.
11:38 of 3rd period - Brad Richards wins face-off versus Adam Burish in Devils zone.
12:25 of 3rd period - Tim Gleason is hit by Mike Weber and loses puck.
13:22 of 3rd period - Snap shot by Mike Green.
13:22 of 3rd period - Shot Blocked by Mark Stuart.
13:24 of 3rd period - Snap shot by Matt Hendricks.
13:24 of 3rd period - Stopped by Jimmy Howard without a rebound.
13:25 of 3rd period - Olli Jokinen wins face-off versus Adam Burish in Devils zone.
13:30 of 3rd period - Slapshot by Olli Jokinen.
13:30 of 3rd period - Stopped by Jimmy Howard with a rebound.
13:37 of 3rd period - Penalty to Drew Stafford is over, Drew Stafford is back on ice.
13:46 of 3rd period - Snap shot by Nathan Gerbe.
13:46 of 3rd period - Stopped by Jimmy Howard with a rebound.
13:48 of 3rd period - Slapshot by Dion Phaneuf.
13:48 of 3rd period - Shot Misses the Net.
13:50 of 3rd period - Slapshot by Jay Harrison.
13:50 of 3rd period - Stopped by Jimmy Howard with a rebound.
13:52 of 3rd period - Slapshot by Dion Phaneuf.
13:52 of 3rd period - Stopped by Jimmy Howard with a rebound.
14:47 of 3rd period - Slapshot by Ryan Jones.
14:47 of 3rd period - Shot Misses the Net.
14:49 of 3rd period - Snap shot by Matt Irwin.
14:49 of 3rd period - Stopped by Antti Raanta with a rebound.
15:29 of 3rd period - Snap shot by Alex Tanguay.
15:29 of 3rd period - Shot Misses the Net.
15:31 of 3rd period - Snap shot by John Carlson.
15:31 of 3rd period - Shot Misses the Net.
15:47 of 3rd period - Minor Penalty to Mark Stuart for Holding.
15:48 of 3rd period - Brad Richards wins face-off versus Drew Stafford in Devils zone.
15:55 of 3rd period - Snap shot by Rich Peverley.
15:55 of 3rd period - Shot Misses the Net.
16:53 of 3rd period - Jay Harrison is hit by Tim Gleason and loses puck.
17:08 of 3rd period - Slapshot by Olli Jokinen.
17:08 of 3rd period - Deflect By Adam Hall.
17:08 of 3rd period - Stopped by Jimmy Howard without a rebound.
17:09 of 3rd period - Olli Jokinen wins face-off versus Drew Stafford in Devils zone.
17:47 of 3rd period - Penalty to Mark Stuart is over, Mark Stuart is back on ice.
18:01 of 3rd period - Wrist shot by Justin Fontaine.
18:01 of 3rd period - Stopped by Jimmy Howard without a rebound.
18:02 of 3rd period - Brad Richards wins face-off versus Chris Mueller in Devils zone.
18:20 of 3rd period - Kris Versteeg is hit by Deryk Engelland and loses puck.
18:37 of 3rd period - Mike Weber is hit by John Carlson and loses puck.
18:54 of 3rd period - Snap shot by Jay Beagle.
18:54 of 3rd period - Stopped by Antti Raanta with a rebound.
18:56 of 3rd period - Snap shot by Mark Stuart.
18:56 of 3rd period - Deflect By Mike Green.
18:56 of 3rd period - Stopped by Antti Raanta with a rebound.
18:58 of 3rd period - Slapshot by Mark Stuart.
18:58 of 3rd period - Shot Blocked by Mike Weber.
19:39 of 3rd period - Minor Penalty to Mark Stuart for Holding.
19:40 of 3rd period - Drew Stafford wins face-off versus Olli Jokinen in Devils zone.
19:49 of 3rd period - Wrist shot by Olli Jokinen.
19:49 of 3rd period - Stopped by Jimmy Howard without a rebound.
19:50 of 3rd period - Olli Jokinen wins face-off versus Drew Stafford in Devils zone.
Goals for this period are 1 for Devils vs 1 for Sharks.
Shots for this period are 14 for Devils vs 11 for Sharks.


Output by the SimonT Hockey Simulator (STHS) for Eric Dolegowski -- Original Page W3C XHTML 1.0 Valid
Hockey Simulator - Hockey Simulation - Hockey Manager